 Dungeon Sprint DCSS version 0.20-a0-556-g892c87b (webtiles) character file.

4379 Kidiri the Eclecticist (level 10, -48/60 HPs)
             Began as a Deep Elf Fire Elementalist on Feb 4, 2017.
             Was the Champion of Vehumet.
             Blown up by an ancient lich (108 damage)
             ... with an orb of destruction
             ... in the Dungeon (Sprint V: "Ziggurat Sprint").
             The game lasted 00:08:01 (1179 turns).

Kidiri the Eclecticist (Deep Elf Fire Elementalist) Turns: 1179, Time: 00:08:03

Health: -48/60     AC: 17    Str:  5    XL:     10   Next: 13%
Magic:  18/28      EV: 17    Int: 41    God:    Vehumet [******]
Gold:   0          SH:  0    Dex: 15    Spells: 10/40 levels left

rFire    + + +     SeeInvis .   a - +3 Elemental Staff {rElec rF++ rC++ MR++ AC+5}
rCold    + + +     Gourm    .   K - +2 robe {rF+}
rNeg     . . .     Faith    .   (no shield)
rPois    .         Spirit   .   Q - +1 helmet {Int+3}
rElec    +         Reflect  .   L - +2 cloak {+Inv}
rCorr    .         Harm     .   (no gloves)
MR       +++..     Rnd*Rage +   (no boots)
Stlth    ++........ NoTele   +  R - amulet "Gaydohafu" {rF+ Regen+ Int+4 Dex-4}
Regen    0.6/turn               B - +6 ring of intelligence
                                A - +6 ring of intelligence

@: studying Evocations
A: rugged brown scales 1, slimy green scales 1, agile 2, berserk 1, cold
resistance 1, dopey 1, low mp 1
a: Renounce Religion, Evoke Invisibility


You were in the Dungeon.
You worshipped Vehumet.
Vehumet was exalted by your worship.
You were full.

You visited 1 branch

Inventory:

Hand Weapons
 a - the +3 Elemental Staff (weapon) {rElec rF++ rC++ MR++ AC+5}
   (You took it off an iron imp in the Dungeon)

   It affects your AC (+5).
   It greatly protects you from fire.
   It greatly protects you from cold.
   It insulates you from electricity.
   It affects your resistance to hostile enchantments.
 I - the +6 Majin-Bo {vamp, Archmagi MP+6 Int+6}
   (You found it in the Dungeon)

   It inflicts no extra harm, but heals its wielder when it wounds a living foe.
   It affects your intelligence (+6).
   It affects your magic capacity (+6).
Armour
 K - a +2 robe of fire resistance (worn)
 L - a +2 cloak of invisibility (worn)
 Q - a +1 helmet of intelligence (worn)
Jewellery
 m - the amulet "Qoshei" {Gourm rF+}
   (You found it in the Dungeon)

   [amulet of the gourmand]

   It allows you to eat raw meat even when not hungry.
   It protects you from fire.
 y - a +6 ring of dexterity
 z - a +6 ring of dexterity
 A - a +6 ring of intelligence (left hand)
 B - a +6 ring of intelligence (right hand)
 C - a +6 ring of strength
 D - a +6 ring of strength
 M - an uncursed ring of fire
 P - the ring of Scepticism {rC+ MR+}
   (You found it in the Dungeon)

   [ring of protection from cold]

   It protects you from cold.
   It affects your resistance to hostile enchantments.
 R - the amulet "Gaydohafu" (around neck) {rF+ Regen+ Int+4 Dex-4}
   (You found it in the Dungeon)

   [amulet of regeneration]

   It affects your intelligence (+4).
   It affects your dexterity (-4).
   It protects you from fire.
   It increases your rate of regeneration.
 S - an uncursed ring of positive energy
Wands
 E - a wand of disintegration (3/24)
 F - a wand of iceblast (3/15)
 G - a wand of lightning (5/15)
 H - a wand of acid (5/15)
Scrolls
 i - 4 scrolls of blinking
 p - 4 scrolls of amnesia
 q - 3 scrolls of recharging
 r - 7 scrolls of fog
 s - a scroll of holy word
 t - 5 scrolls of identify
 u - 5 scrolls of remove curse
 v - 2 scrolls of fear
 O - 3 scrolls of brand weapon
Potions
 d - 9 potions of curing
 e - 13 potions of heal wounds
 f - 6 potions of haste
 g - 7 potions of magic
 h - 3 potions of berserk rage
 j - 2 potions of brilliance
 k - 2 potions of invisibility
 l - 4 potions of resistance
 n - 5 potions of agility
 o - 6 potions of might
Books
 b - a book of Flames

   Spells                             Type                      Level
   a - Flame Tongue                   Conjuration/Fire             1
   b - Throw Flame                    Conjuration/Fire             2
   c - Conjure Flame                  Conjuration/Fire             3
   d - Inner Flame                    Hexes/Fire                   3
   e - Sticky Flame                   Conjuration/Fire             4
   f - Fireball                       Conjuration/Fire             5
 J - a book of the Earth

   Spells                             Type                      Level
   a - Leda's Liquefaction            Hexes/Earth                  4
   b - Bolt of Magma                  Conjuration/Fire/Earth       5
   c - Statue Form                    Transmutation/Earth          6
   d - Iron Shot                      Conjuration/Earth            6
   e - Shatter                        Earth                        9
 N - a manual of Evocations
Comestibles
 c - 5 bread rations
 w - 35 fruits
 x - 4 meat rations


   Skills:
 + Level 5.3 Fighting
 + Level 6.3 Staves
 + Level 5.3 Armour
 + Level 8.3 Dodging
 - Level 2.4 Stealth
 * Level 15.6 Spellcasting
 + Level 9.6 Conjurations
 + Level 10.1 Fire Magic
 + Level 5.7 Earth Magic
 + Level 6.9 Poison Magic
 + Level 7.6 Evocations


You had 10 spell levels left.
You knew the following spells:

 Your Spells              Type           Power        Failure   Level  Hunger
a - Flame Tongue          Conj/Fire      #####        0%          1    None
b - Throw Flame           Conj/Fire      ######       1%          2    None
c - Conjure Flame         Conj/Fire      #######.     1%          3    None
d - Inner Flame           Hex/Fire       ######..     1%          3    None
e - Sticky Flame          Conj/Fire      #######.     1%          4    None
f - Fireball              Conj/Fire      #######...   1%          5    None
g - Bolt of Magma         Conj/Fire/Erth #######...   1%          5    None
h - Iron Shot             Conj/Erth      #######...   2%          6    None
i - Sting                 Conj/Pois      ####         1%          1    None


Dungeon Overview and Level Annotations

Branches:
Dungeon (1/1)

Altars:
Ashenzari
Cheibriados
Dithmenos
Elyvilon
Fedhas
Gozag
Hepliaklqana
Kikubaaqudgha
Makhleb
Nemelex Xobeh
Okawaru
Qazlal
Ru
Sif Muna
Trog
Uskayaw
Vehumet
Xom
Yredelemnul
Zin
The Shining One
Beogh
Jiyva
Lugonu


Innate Abilities, Weirdness & Mutations

You are partially covered in rugged brown scales. (AC +1, +3% HP)
You are partially covered in slimy green scales. (AC +2)
You are very agile. (Dex +4)
You tend to lose your temper in combat.
Your flesh is cold resistant. (rC+)
You are dopey. (Int -2)
Your magical capacity is low. (-10% MP)


Message History

Casting: Fireball
Confirm with . or Enter, or press ? or * to list all spells.
Aiming: Fireball
Press: ? - help, Shift-Dir - straight line, f - jackal zombie
Aim: a jackal zombie The fireball explodes!
The fireball engulfs something.
Vehumet accepts your kill.
Reactivating autopickup.
You feel a bit more experienced.
The fireball engulfs the ghoul.
The ghoul is moderately damaged.
The fireball engulfs the jackal zombie.
You destroy the jackal zombie!
Vehumet accepts your kill.
The vampire mumbles some strange words.
The vampire flickers and vanishes!
Deactivating autopickup; reactivate with Ctrl-A.
A necrophage comes into view.
The orb of destruction hits you!
Ouch! That really hurt!
You die...

▓.....))..▓
▓..[)n.|..▓...:)|...▓
▓.{..§....▓.........▓
▓..{pLz...▓.........▓
▓...n§..Z.▓.........▓
▓....§....▓.........▓
▓....§....▓.▓.....▓.▓
▓.▓..§..▓.▓.........▓
▓.....@...▓▓▓▓▓▓▓▓▓▓▓
▓▓▓▓▓▓▓▓▓▓▓


You could see a ghoul, an ancient lich, a necromancer, a necrophage (wandering),
a wight and an adder skeleton.

Vanquished Creatures
  2 ugly things (D)
  An eye of devastation (D)
  3 jumping spiders (D)
  A slime creature (D)
  A vampire (D)
  3 tarantellas (D)
  A yak (D)
  A steam dragon (shapeshifter) (D)
  A basilisk (shapeshifter) (D)
  A soldier ant (shapeshifter) (D)
  A water moccasin (D)
  A hell hound (D)
  A porcupine (D)
  An ice beast (shapeshifter) (D)
  2 necrophages (D)
  A bullfrog (shapeshifter) (D)
  3 bullfrogs (D)
  8 scorpions (D)
  A wight (D)
  2 jellies (D)
  An iron imp (D)
  3 oozes (D)
  An adder skeleton (D)
  2 adder zombies (D)
  2 bat skeletons (D)
  A bat zombie (D)
  2 jackals (D)
  A giant cockroach zombie (D)
  2 jackal skeletons (D)
  A jackal zombie (D)
  3 leopard gecko skeletons (D)
  A quokka skeleton (D)
56 creatures vanquished.

Notes
Turn   | Place    | Note
-------+----------+-------------------------------------------
     0 | D        | Kidiri the Deep Elf Fire Elementalist began the quest for the Orb.
     0 | D        | Reached XP level 1. HP: 10/10 MP: 6/6
     0 | D        | Found a deep blue altar of Sif Muna.
     0 | D        | Found a sacrificial altar of Ru.
     0 | D        | Found a bloodstained altar of Trog.
     0 | D        | Found a stormy altar of Qazlal.
     0 | D        | Found an iron altar of Okawaru.
     0 | D        | Found a sparkling altar of Nemelex Xobeh.
     0 | D        | Found a blossoming altar of Fedhas.
     2 | D        | Found an ancient bone altar of Kikubaaqudgha.
     2 | D        | Found a viscous altar of Jiyva.
     2 | D        | Found a corrupted altar of Lugonu.
     2 | D        | Found a hazy altar of Hepliaklqana.
     2 | D        | Found a burning altar of Makhleb.
     2 | D        | Found an opulent altar of Gozag.
    65 | D        | Became a worshipper of Vehumet
    77 | D        | Reached skill level 7 in Spellcasting
    77 | D        | Reached skill level 5 in Fire Magic
    77 | D        | Reached XP level 2. HP: 15/15 MP: 6/12
    81 | D        | Learned a level 2 spell: Throw Flame
   160 | D        | Entered arena 1.
   160 | D        | Noticed a bullfrog
   160 | D        | Noticed a basilisk
   162 | D        | Killed a bullfrog
   162 | D        | Reached skill level 9 in Spellcasting
   162 | D        | Reached skill level 5 in Conjurations
   162 | D        | Reached XP level 3. HP: 19/19 MP: 15/15
   162 | D        | Reached XP level 4. HP: 24/24 MP: 17/17
   162 | D        | Noticed a soldier ant
   162 | D        | a basilisk changed into a soldier ant
   175 | D        | Killed a soldier ant
   175 | D        | Reached skill level 11 in Spellcasting
   175 | D        | Reached XP level 5. HP: 13/28 MP: 20/20
   179 | D        | Gained mutation: You are dopey. (Int -2) [mutagenic meat]
   301 | D        | Learned a level 3 spell: Conjure Flame
   305 | D        | Learned a level 3 spell: Inner Flame
   310 | D        | Learned a level 4 spell: Sticky Flame
   316 | D        | Learned a level 5 spell: Fireball
   348 | D        | Entered arena 2.
   349 | D        | Reached * piety under Vehumet
   349 | D        | Offered knowledge of Sting by Vehumet.
   411 | D        | Learned a level 1 spell: Sting
   411 | D        | Entered arena 3.
   411 | D        | Noticed a tarantella
   411 | D        | Noticed a tarantella
   411 | D        | Noticed a jumping spider
   412 | D        | Killed a tarantella
   412 | D        | Reached ** piety under Vehumet
   412 | D        | Offered knowledge of Freeze by Vehumet.
   412 | D        | Reached skill level 1 in Fighting
   412 | D        | Reached skill level 1 in Staves
   412 | D        | Reached skill level 1 in Armour
   412 | D        | Reached skill level 12 in Spellcasting
   412 | D        | Reached XP level 6. HP: 34/34 MP: 23/23
   413 | D        | Killed a jumping spider
   413 | D        | Reached XP level 7. HP: 34/40 MP: 23/25
   413 | D        | Killed a tarantella
   413 | D        | Reached skill level 5 in Dodging
   443 | D        | Learned a level 5 spell: Bolt of Magma
   450 | D        | Learned a level 6 spell: Iron Shot
   493 | D        | Entered arena 4.
   493 | D        | Noticed a jumping spider
   493 | D        | Noticed a tarantella
   494 | D        | Killed a tarantella
   494 | D        | Reached *** piety under Vehumet
   494 | D        | Reached skill level 13 in Spellcasting
   494 | D        | Reached skill level 1 in Earth Magic
   497 | D        | Killed a jumping spider
   497 | D        | Reached XP level 8. HP: 19/46 MP: 24/27
   679 | D        | Entered arena 5.
   679 | D        | Noticed a brown ugly thing
   679 | D        | Noticed a purple ugly thing
   680 | D        | Offered knowledge of Stone Arrow by Vehumet.
   680 | D        | Reached **** piety under Vehumet
   681 | D        | Reached skill level 5 in Poison Magic
   681 | D        | Killed a purple ugly thing
   681 | D        | Reached skill level 14 in Spellcasting
   681 | D        | Reached skill level 5 in Evocations
   681 | D        | Killed a brown ugly thing
   681 | D        | Reached skill level 5 in Staves
   681 | D        | Reached XP level 9. HP: 46/52 MP: 29/29
   688 | D        | Gained mutation: Your magical capacity is low. (-10% MP) [mutagenic meat]
   689 | D        | Gained mutation: You are agile. (Dex +2) [mutagenic meat]
   690 | D        | Gained mutation: You are partially covered in slimy green scales. (AC +2) [mutagenic meat]
   691 | D        | Gained mutation: You are partially covered in rugged brown scales. (AC +1, +3% HP) [mutagenic meat]
   701 | D        | Got the amulet "Qoshei" {Gourm rF+}
   704 | D        | Gained mutation: Your flesh is cold resistant. (rC+) [mutagenic meat]
   705 | D        | Gained mutation: You are very agile. (Dex +4) [mutagenic meat]
   708 | D        | Gained mutation: You tend to lose your temper in combat. [mutagenic meat]
   748 | D        | Entered arena 6.
   750 | D        | Reached ***** piety under Vehumet
   772 | D        | Identified Goageoski's Compendium of the Glacier (You found it in the Dungeon)
   783 | D        | Identified the Grimoire of Transformation and Translocation (You found it in the Dungeon)
   889 | D        | Entered arena 7.
   889 | D        | Noticed a jumping spider
   890 | D        | Offered knowledge of Static Discharge by Vehumet.
   895 | D        | Killed a jumping spider
   895 | D        | Reached ****** piety under Vehumet
   976 | D        | Entered arena 8.
   976 | D        | Noticed an eye of devastation
   981 | D        | Reached skill level 15 in Spellcasting
   983 | D        | Killed an eye of devastation
   983 | D        | Reached skill level 5 in Earth Magic
   990 | D        | Got the ring of Scepticism {rC+ MR+}
   995 | D        | Identified Likuri's Papyrus of Supportive Displacement (You found it in the Dungeon)
  1052 | D        | Entered arena 9.
  1053 | D        | Offered knowledge of Fulminant Prism by Vehumet.
  1053 | D        | Reached skill level 5 in Fighting
  1053 | D        | Reached skill level 5 in Armour
  1055 | D        | Reached skill level 10 in Fire Magic
  1055 | D        | Reached XP level 10. HP: 60/60 MP: 19/28
  1144 | D        | Entered arena 10.
  1169 | D        | Got the amulet "Gaydohafu" {rF+ Regen+ Int+4 Dex-4}
  1176 | D        | Entered arena 11.
  1176 | D        | Noticed a ghoul
  1176 | D        | Noticed a necromancer
  1176 | D        | Noticed an ancient lich
  1179 | D        | Blown up by an ancient lich

Vault maps used:
D:        sprint_v

Skill      XL: |  1  2  3  4  5  6  7  8  9 10 |
---------------+-------------------------------+-----
Spellcasting   | 7 9 11 12 13 14 15 | 15.6
Conjurations   | 4 5 6 7 8 9 |  9.6
Fire Magic     | 5 6 7 8 9 10 | 10.1
Fighting       | 1 2 3 4 5 |  5.3
Staves         | 1 2 4 5 6 |  6.3
Armour         | 1 2 3 4 5 |  5.3
Dodging        | 3 4 5 6 8 |  8.3
Poison Magic   | 2 3 4 5 6 |  6.9
Evocations     | 2 4 5 6 7 |  7.6
Earth Magic    | 2 4 5 |  5.7
Stealth        | |  2.4

Action                   |  1- 3 |  4- 6 |  7- 9 | 10-12 || total
-------------------------+-------+-------+-------+-------++-------
Melee: Quarterstaff      |       |       |     1 |       ||     1
 Cast: Flame Tongue      |       |     2 |     2 |       ||     4
       Fireball          |       |     2 |    10 |     6 ||    18
       Bolt of Magma     |       |       |     8 |       ||     8
       Sticky Flame      |       |       |     1 |       ||     1
       Iron Shot         |       |       |     2 |       ||     2
Evoke: Wand              |     1 |     5 |       |       ||     6
  Use: Potion            |     1 |     2 |       |       ||     3
  Eat: Fruit             |     7 |       |       |       ||     7
       Chunk             |       |     1 |    11 |     4 ||    16
Armor: Robe              |       |       |     1 |       ||     1
Dodge: Dodged            |       |     3 |     4 |       ||     7
